 Dungeon Crawl Stone Soup version 0.25-a0-420-g1cc7eeb0d1 (webtiles) character file.

Game seed: 13926733713359240125, levelgen mode: deterministic

53346 HarlemGrape the Cruncher (level 15, -2/122 HPs)
             Began as a Human Berserker on Jan 19, 2020.
             Was a High Priest of Trog.
             Slain by a wolf spider zombie (5 damage)
             ... on level 14 of the Dungeon.
             The game lasted 01:35:10 (20898 turns).

HarlemGrape the Cruncher (Human Berserker)         Turns: 20898, Time: 01:35:11

Health: -2/122     AC: 15    Str: 20    XL:     15   Next: 9%
Magic:  25/25      EV: 20    Int: 12    God:    Trog [*****.]
Gold:   721        SH:  0    Dex: 17    Spells: 14/14 levels left

rFire    . . .     SeeInvis .   I - +7 lajatang (flame)
rCold    . . .     Gourm    .   (shield currently unavailable)
rNeg     . . .     Faith    +   k - +4 ring mail
rPois    .         Spirit   .   p - +3 hat of Pondering {ponderous, MR+ MP+10 Int+5}
rElec    .         Reflect  .   v - scarf {repulsion}
rCorr    .         Harm     .   r - +0 pair of gloves
MR       +++++                  (no boots)
Stlth    ++++......             u - amulet of faith
HPRegen  1.30/turn              O - ring of protection from magic
MPRegen  0.19/turn              e - +2 ring of evasion

@: about to teleport, marked, berserk cooldown, regenerating, slowed, repel
missiles, very slow
A: no striking features
a: Berserk, Trog's Hand, Brothers in Arms, Renounce Religion


You were on level 14 of the Dungeon.
You worshipped Trog.
Trog was extremely pleased with you.
You were not hungry.

You visited 3 branches of the dungeon, and saw 21 of its levels.

You collected 1216 gold pieces.
You spent 495 gold pieces at shops.

Inventory:

Hand Weapons
 d - a +3 vorpal quarterstaff
 j - a +1 hand axe of venom
 n - a +2 flail of protection
 G - the +2 battleaxe of Honour {holy, *Noise rF+++ rN+ MR+}
   (You found it on level 1 of the Lair of Beasts)

   It has been blessed by the Shining One to cause great damage to the undead
   and demons.
   It renders you almost immune to fire.
   It protects you from negative energy.
   It affects your resistance to hostile enchantments.
   It may make noises in combat.
 I - a +7 lajatang of flaming (weapon)
 L - the +8 demon blade "Bloodbane" {vorpal, *Rage +Rage Stlth-}
   (You found it on level 13 of the Dungeon)

   It inflicts extra damage upon your enemies.
   It lets you go berserk.
   It may make you go berserk in combat.
   It makes you less stealthy.
Missiles
 g - 583 stones
 E - 3 throwing nets (quivered)
 K - 56 sling bullets
 T - 268 arrows
Armour
 a - a scarf of cloud immunity
 k - a +4 ring mail (worn)
 m - a scarf of resistance
 p - the +3 hat of Pondering (worn) {ponderous, MR+ MP+10 Int+5}
   (You found it on level 4 of the Dungeon)

   It affects your intelligence (+5).
   It affects your resistance to hostile enchantments.
   It affects your magic capacity (+10).
 r - a +0 pair of gloves (worn)
 v - a scarf of repulsion (worn)
 F - a +0 robe of fire resistance
Jewellery
 e - a +2 ring of evasion (right hand)
 u - an amulet of faith (around neck)
 C - an uncursed ring of protection from cold
 O - a ring of protection from magic (left hand)
Wands
 f - a wand of iceblast (27)
 q - a wand of polymorph (11)
 t - a wand of paralysis (7)
 y - a wand of enslavement (4)
 J - a wand of disintegration (21)
 R - a wand of scattershot (13)
Scrolls
 l - 2 scrolls of remove curse
 w - 2 scrolls of fear
 A - a scroll of magic mapping
 B - 6 scrolls of teleportation
 W - 3 scrolls of enchant armour
Potions
 b - 2 potions of haste {unknown}
 h - 2 potions of ambrosia {unknown}
 i - 4 potions of might
 o - 6 potions of resistance
 s - a potion of curing
 x - a potion of lignification {unknown}
 z - a potion of heal wounds
 D - 2 potions of mutation
 H - a potion of flight {unknown}
 P - 2 potions of berserk rage {unknown}
 U - a potion of invisibility {unknown}
 V - 2 potions of cancellation
Comestibles
 c - 45 rations
 M - 5 chunks of flesh


   Skills:
 + Level 12.4 Fighting
 + Level 9.5(12.4) Maces & Flails
 - Level 12.9(14.0) Staves
 + Level 9.0 Armour
 + Level 10.2 Dodging
 + Level 9.4 Stealth
 + Level 1.3 Evocations


You had 14 spell levels left.
You didn't know any spells.
Your spell library was empty.

Dungeon Overview and Level Annotations

Branches:
Dungeon (14/15)            Temple (1/1) D:7            Lair (6/6) D:9
  Swamp (0/4) Lair:3       Spider (0/4) Lair:2        Slime (0/5) Lair:5
    Orc (0/2) D:10         Vaults (0/5) D:14

Altars:
Ashenzari
Cheibriados
Dithmenos
Elyvilon
Fedhas
Gozag
Hepliaklqana
Kikubaaqudgha
Makhleb
Nemelex Xobeh
Okawaru
Qazlal
Ru
Sif Muna
Trog
Uskayaw
Vehumet
Wu Jian
Xom
Yredelemnul
Zin
The Shining One
Beogh
Jiyva

Shops:
D:7 }   D:10 %   D:14 *

Annotations:
D:10 3 runed translucent doors, olaf's ghost, journeyman TrFi


Message History

The red ugly thing resists with some effort.
The orc warrior looks frightened!
The orc looks frightened!
The wolf spider zombie misses you. x2; The red ugly thing kicks you!
* * * LOW HITPOINT WARNING * * *
You are engulfed in flames!
* * * LOW HITPOINT WARNING * * *
The wolf spider zombie misses you.
The wolf spider zombie closely misses you.
Okay, then.
The red ugly thing barely misses you. The wolf spider zombie misses you. x2
As you read the scroll of teleportation, it crumbles to dust.
You feel strangely unstable. The red ugly thing kicks you.
* * * LOW HITPOINT WARNING * * *
You are engulfed in flames!!
* * * LOW HITPOINT WARNING * * *
The wolf spider zombie closely misses you.
The wolf spider zombie misses you.
The red ugly thing kicks you but does no damage.
The wolf spider zombie hits you.
You die...

*#...)...............,,.....
#..u................**#....
#....≈.............#* *#<..
#...............$..# #...
#..§.∩.#.......#...## ##...
#.....).......###...###....
##.o.≈.........#...........
#........Z................
########u@................
##.................
##..........).....
##...............
##.............#
##............÷
##............ ##...........
##..........


You could see 2 ugly things, an orc (fleeing) and a wolf spider zombie.

Vanquished Creatures
  Nessos (Lair:6)
  Erolcha (D:9)
  4 hydras
  3 catoblepae (Lair:6)
  2 centaur warriors (D:13)
  6 death yaks (Lair:6)
  2 tengu warriors
  4 two-headed ogres
  Pikel (D:5)
  An ugly thing (D:14)
  3 manticores
  6 elephants (Lair:6)
  Maurice (D:8)
  6 black mambas
  Psyche (D:8)
  A gargoyle (D:11)
  6 spiny frogs
  A centaur skeleton (D:11)
  4 rime drakes
  A kobold demonologist (D:12)
  A tengu conjurer (D:14)
  12 komodo dragons
  A troll (D:11)
  A polar bear (Lair:4)
  Grinder (D:5)
  A dream sheep (shapeshifter) (D:14)
  7 slime creatures
  7 blink frogs (Lair:2)
  7 hippogriffs
  Prince Ribbit (D:8)
  3 shadows
  A spriggan (D:12)
  4 wyverns
  35 yaks
  Grum (D:8)
  4 vampire mosquitoes (D:12)
  A hungry ghost (D:8)
  2 basilisks
  2 wargs (D:9)
  Menkaure (D:7)
  13 water moccasins
  6 porcupines
  7 sky beasts
  3 black bears
  5 orc warriors
  3 phantoms
  An eye of draining (D:10)
  4 ice beasts
  2 necrophages (D:10)
  2 slaves (D:5)
  4 ogres
  6 wolves
  7 centaurs
  14 crocodiles
  3 big kobolds
  2 gnoll sergeants (D:11)
  15 bullfrogs
  A wyvern skeleton (D:12)
  4 scorpions
  24 killer bees
  3 howler monkeys (D:9)
  2 electric eels (Lair:3)
  8 crimson imps
  2 centaur zombies
  A bullfrog zombie (D:8)
  3 bullfrog skeletons
  11 hounds
  5 jellies
  14 orc wizards
  3 quasits
  3 orc priests
  Jessica (D:2)
  Natasha (twice) (D:2)
  8 iguanas
  13 worker ants
  A hound zombie (D:8)
  4 hound skeletons
  A worker ant zombie (D:10)
  9 gnolls
  16 adders
  2 shadow imps
  An adder zombie (D:9)
  2 adder skeletons
  2 worms
  3 dart slugs
  5 leopard geckos
  46 orcs
  3 giant cockroaches
  6 hobgoblins
  16 jackals
  21 kobolds
  5 quokkas
  3 ball pythons
  8 bats
  3 frilled lizards
  8 goblins
  2 quokka zombies
  8 rats
528 creatures vanquished.

Vanquished Creatures (collateral kills)
  2 hydras
2 creatures vanquished.

Vanquished Creatures (others)
  A crimson imp (D:5)
  A quokka (D:5)
  2 fungi
  3 plants
7 creatures vanquished.

Grand Total: 537 creatures vanquished

Notes
Turn   | Place    | Note
-------+----------+-------------------------------------------
     0 | D:1      | HarlemGrape the Human Berserker began the quest for the
                  | Orb.
     0 | D:1      | Reached XP level 1. HP: 18/18 MP: 1/1
   260 | D:1      | Reached XP level 2. HP: 24/24 MP: 2/2
   717 | D:1      | Reached XP level 3. HP: 15/29 MP: 3/3
   723 | D:1      | Reached ** piety under Trog
  1098 | D:2      | Noticed Jessica
  1103 | D:2      | Killed Jessica
  1103 | D:2      | Reached XP level 4. HP: 13/36 MP: 4/4
  1904 | D:2      | Noticed Natasha
  1907 | D:2      | Killed Natasha
  1907 | D:2      | Reached XP level 5. HP: 42/42 MP: 5/5
  2035 | D:2      | Noticed Natasha
  2046 | D:2      | Killed Natasha
  2046 | D:2      | Reached skill level 1 in Stealth
  2383 | D:2      | Found an opulent altar of Gozag.
  2429 | D:3      | Found a basalt altar of Yredelemnul.
  3039 | D:3      | Reached XP level 6. HP: 48/48 MP: 6/6
  3043 | D:3      | Found a shadowy altar of Dithmenos.
  3068 | D:3      | Reached *** piety under Trog
  3244 | D:3      | Found an ornate altar of the Wu Jian Council.
  3683 | D:4      | Reached skill level 5 in Maces & Flails
  4192 | D:4      | Noticed a phantom
  4213 | D:4      | Killed a phantom
  4213 | D:4      | Reached XP level 7. HP: 30/55 MP: 7/7
  4728 | D:4      | Found the +3 hat of Pondering {ponderous, MR+ MP+10 Int+5}
  4842 | D:4      | Found a burning altar of Makhleb.
  5115 | D:5      | Entered Level 5 of the Dungeon
  5185 | D:5      | Noticed Pikel
  5211 | D:5      | Reached XP level 8. HP: 17/61 MP: 8/8
  5275 | D:5      | Killed Pikel
  5275 | D:5      | Reached skill level 5 in Fighting
  5275 | D:5      | Reached skill level 5 in Dodging
  5431 | D:5      | Found a sacrificial altar of Ru.
  5441 | D:5      | Reached **** piety under Trog
  5500 | D:5      | Reached XP level 9. HP: 14/68 MP: 9/9
  5930 | D:5      | Noticed Grinder
  5938 | D:5      | Killed Grinder
  6204 | D:6      | You fall into a shaft and drop 3 floors!
  6225 | D:9      | Noticed a hippogriff
  6257 | D:8      | Found a snail-covered altar of Cheibriados.
  6257 | D:8      | Noticed Psyche
  6257 | D:8      | Noticed Grum
  6257 | D:8      | Noticed a hippogriff
  6281 | D:7      | Noticed Menkaure
  6508 | D:7      | Found a glowing golden altar of the Shining One.
  7111 | D:7      | Found Osurucwe's Gadget Shop.
  7114 | D:7      | Bought a wand of iceblast (5) for 126 gold pieces
  7268 | D:7      | Found a staircase to the Ecumenical Temple.
  7284 | D:7      | Reached skill level 5 in Armour
  7319 | Temple   | Entered the Ecumenical Temple
  7571 | D:7      | Killed Menkaure
  7615 | D:7      | Reached XP level 10. HP: 75/76 MP: 10/10
  8063 | D:8      | Reached skill level 5 in Stealth
  8087 | D:8      | Killed Psyche
  8140 | D:8      | Killed Grum
  8363 | D:8      | Reached ***** piety under Trog
  8363 | D:8      | Received a gift from Trog
  8450 | D:8      | Noticed a two-headed ogre
  8456 | D:8      | Killed a two-headed ogre
  8456 | D:8      | Reached skill level 1 in Staves
  8539 | D:8      | Noticed Prince Ribbit
  8544 | D:8      | Killed Prince Ribbit
  8595 | D:8      | Noticed Maurice
  8613 | D:8      | Killed Maurice
  8613 | D:8      | Reached XP level 11. HP: 83/83 MP: 11/11
  9252 | D:9      | Found a staircase to the Lair.
  9323 | D:9      | Reached skill level 5 in Staves
  9587 | D:9      | Received a gift from Trog
  9751 | D:9      | Found a hide-covered altar of Uskayaw.
  9753 | D:9      | Found a glowing silver altar of Zin.
  9753 | D:9      | Found a white marble altar of Elyvilon.
  9827 | D:9      | Noticed Erolcha
  9837 | D:9      | Killed Erolcha
  9884 | D:10     | Entered Level 10 of the Dungeon
 10177 | D:10     | Found Vaihi's Food Shoppe.
 10192 | D:10     | Bought a ration for 55 gold pieces
 10192 | D:10     | Bought a ration for 55 gold pieces
 10192 | D:10     | Bought a ration for 55 gold pieces
 10310 | D:10     | Found a runed translucent gate.
 10312 | D:10     | Found a runed translucent gate.
 10314 | D:10     | Found a runed translucent gate.
 10316 | D:10     | Noticed olaf's ghost (journeyman TrFi)
 10323 | D:10     | Identified the +1 buckler "Buapniot" {rPois rC- MR+}
 10323 | D:10     | Identified the cursed +1 flail "Ocregg" {freeze, *Slow +Inv
                  | +Fly}
 10378 | D:10     | Found a staircase to the Orcish Mines.
 10472 | D:10     | Found a roughly hewn altar of Beogh.
 10641 | Lair:1   | Entered Level 1 of the Lair of Beasts
 11029 | Lair:1   | Got a polished battleaxe
 11078 | Lair:1   | Reached XP level 12. HP: 66/90 MP: 12/12
 11721 | Lair:1   | Received a gift from Trog
 11725 | Lair:1   | Noticed a four-headed hydra
 11739 | Lair:1   | Killed a three-headed hydra
 11914 | Lair:1   | Identified the cursed +2 battleaxe of Honour {holy, *Noise
                  | rF+++ rN+ MR+} (You found it on level 1 of the Lair of
                  | Beasts)
 12474 | Lair:2   | Reached skill level 10 in Staves
 12768 | Lair:2   | Found a hole to the Spider Nest.
 13714 | Lair:3   | Found a staircase to the Swamp.
 14097 | Lair:3   | You fall into a shaft and drop 3 floors!
 14097 | Lair:6   | Entered Level 6 of the Lair of Beasts
 14098 | Lair:6   | Noticed Nessos
 14100 | Lair:6   | Noticed a four-headed hydra
 14109 | Lair:6   | Killed a four-headed hydra
 14115 | Lair:6   | Reached XP level 13. HP: 72/98 MP: 13/13
 14118 | Lair:6   | Killed Nessos
 14313 | Lair:6   | Reached skill level 1 in Evocations
 14381 | Lair:6   | Received a gift from Trog
 14407 | Lair:6   | HP: 7/148 [poisoned by a black mamba]
 14409 | Lair:6   | HP: 3/99 [poisoned by a black mamba]
 15215 | Lair:6   | Noticed a catoblepas
 15959 | Lair:5   | Noticed an eight-headed hydra
 15967 | Lair:5   | Killed a five-headed hydra
 16252 | Lair:5   | Noticed a six-headed hydra
 16258 | Lair:5   | Killed a three-headed hydra
 16414 | Lair:5   | Found a viscous altar of Jiyva.
 16414 | Lair:5   | Found a staircase to the Slime Pits.
 16469 | Lair:4   | Received a gift from Trog
 16469 | Lair:4   | Reached skill level 10 in Fighting
 16923 | Lair:4   | Reached XP level 14. HP: 83/110 MP: 14/14
 18494 | D:11     | Received a gift from Trog
 19201 | D:12     | Received a gift from Trog
 20107 | D:13     | Reached skill level 10 in Dodging
 20269 | D:13     | Received a gift from Trog
 20320 | D:13     | Found the +8 demon blade "Bloodbane" {vorpal, *Rage +Rage
                  | Stlth-}
 20648 | D:14     | Found a gate to the Vaults.
 20735 | D:14     | Reached XP level 15. HP: 112/121 MP: 15/15
 20842 | D:14     | Found Orphasuz's Elemental Accessories.
 20850 | D:14     | Bought a wand of iceblast (8) for 204 gold pieces
 20898 | D:14     | HP: 3/122 [red ugly thing (19)]
 20898 | D:14     | Slain by a wolf spider zombie

Levels and vault maps discovered:
D:1:      dpeg_cavernosity, layout_basic
D:2:      layout_basic, lemuel_round_altar, first_ration, grunt_decor_fettered,
          uniq_jessica, uniq_natasha
D:3:      layout_basic, lemuel_crystal_altar, old_standard_altar,
          marbit_many_paths
D:4:      minmay_general_purpose_star, layout_basic,
          nicolae_overflow_hidden_temple
D:5:      layout_loops_cross, nicolae_ru_great_annihilating_truth,
          grunt_decor_one_mirror, uniq_pikel, uniq_grinder
D:6:      layout_rooms
D:7:      layout_basic, lemuel_crystal_altar, minmay_temple_entry_large_hall,
          serial_shops, shop, uniq_menkaure
D:8:      layout_rooms, cheibriados_altar_1, uniq_prince_ribbit1, uniq_psyche,
          uniq_grum, uniq_maurice
D:9:      layout_loops_corners, gammafunk_temple_overflow_claw,
          erik_lair_orcish_takeover, uniq_erolcha
D:10:     layout_rooms, orc_0_dummy, biasface_ghost_orc_armoury, serial_undead,
          serial_undead_a, serial_undead_c, serial_undead_e, serial_undead_b,
          serial_shops, nicolae_shop_crystal
D:11:     layout_rooms
D:12:     layout_cave_pods, serial_column_ruins, column_ruins_columns_dead_end,
          column_ruins_open_medium_water, column_ruins_columns_corner,
          column_ruins_corridor_corner, column_ruins_grid_3, the_bakery
D:13:     layout_basic
D:14:     layout_big_octagon, moated_statue, nicolae_elemental_shop
Temple:   minmay_temple_curvy_loop
Lair:1:   layout_regular_city, chequers_serial_rivers_micro_d, minivault_26,
          st_stairs_8
Lair:2:   layout_regular_city, dummy_spider_entry, grunt_megastairs_2
Lair:3:   layout_roguey, swamp_mist, serial_bayou, serial_bayou_pond_a,
          serial_bayou_pond_d, serial_bayou_pond_c, serial_bayou_pond_a
Lair:4:   layout_big_grid, grunt_forest_small_clearings, grunt_megastairs_3
Lair:5:   layout_regular_city, dpeg_slime_entry_enclosed_altar,
          chequers_serial_rivers_micro_c, st_stairs_5,
          grunt_forest_stairs_basic, lemuel_fruit_tree
Lair:6:   evilmike_catoblepas_cave, layout_regular_city, serial_bayou_pond_d,
          grunt_megastairs_1, uniq_nessos

Skill      XL: |  1  2  3  4  5  6  7  8  9 10 11 12 13 14 |
---------------+-------------------------------------------+-----
Maces & Flails | 4 5 6 7 8 9 |  9.5
Stealth        | 1 2 3 4 5 6 7 9 |  9.4
Fighting       | 4 5 6 7 8 10 12 | 12.4
Dodging        | 3 4 5 6 7 8 9 10 | 10.2
Armour         | 3 5 6 7 8 9 |  9.0
Staves         | 3 8 10 12 | 12.9
Evocations     | 1 |  1.3

Action                   |  1- 3 |  4- 6 |  7- 9 | 10-12 | 13-15 || total
-------------------------+-------+-------+-------+-------+-------++-------
Melee: Mace              |    58 |       |       |       |       ||    58
       Whip              |    21 |   214 |   308 |   137 |       ||   680
       Lajatang          |       |       |       |   454 |   639 ||  1093
Throw: Stone             |       |       |       |     1 |       ||     1
       Throwing net      |       |       |       |       |     3 ||     3
Invok: Berserk           |       |     1 |     2 |     3 |     5 ||    11
       Trog's Hand       |       |       |     2 |       |     2 ||     4
       Brothers in Arms  |       |       |       |     2 |       ||     2
Evoke: Wand              |       |       |     2 |     6 |       ||     8
  Use: Scroll            |       |     5 |     8 |    16 |    14 ||    43
       Potion            |       |       |     1 |       |     5 ||     6
 Stab: Sleeping          |     1 |     3 |     7 |    12 |    16 ||    39
       Distracted        |       |       |       |     4 |       ||     4
       Petrified         |       |       |       |       |     6 ||     6
       Petrifying        |       |       |       |       |     1 ||     1
  Eat: Chunk             |     1 |     7 |    10 |    20 |    22 ||    60
       Ration            |       |     1 |     1 |     2 |     2 ||     6
Armor: Animal skin       |     6 |    18 |     4 |       |       ||    28
       Ring mail         |       |       |    75 |   181 |   161 ||   417
Dodge: Dodged            |    57 |   185 |   206 |   596 |   522 ||  1566
       Deflected         |       |       |     1 |     9 |    13 ||    23

Table legend:
 A = Non-vault XP
 B = Vault XP
 C = Vault XP percentage of total XP
 D = Non-vault monster count
 E = Vault monster count
 F = Vault count percentage of total count
                 A         B        C        D         E       F
            +---------+---------+-------+---------+---------+-------
      Total |   52503 |   23706 |  31.1 |     447 |      81 |  15.3
            +---------+---------+-------+---------+---------+-------
        D:1 |      28 |       6 |  17.6 |      18 |       4 |  18.2
        D:2 |     116 |      72 |  38.3 |      28 |       2 |   6.7
        D:3 |      45 |      15 |  25.0 |      19 |       1 |   5.0
        D:4 |     559 |      38 |   6.4 |      29 |       4 |  12.1
        D:5 |     556 |     981 |  63.8 |      19 |       6 |  24.0
        D:6 |     329 |       0 |   0.0 |       9 |       0 |   0.0
        D:7 |     984 |     284 |  22.4 |      19 |       2 |   9.5
        D:8 |    2555 |    1454 |  36.3 |      30 |       5 |  14.3
        D:9 |    1847 |    1696 |  47.9 |      29 |      11 |  27.5
       D:10 |    1217 |     249 |  17.0 |      21 |       2 |   8.7
       D:11 |    5467 |       0 |   0.0 |      50 |       0 |   0.0
       D:12 |    4218 |     220 |   5.0 |      41 |       1 |   2.4
       D:13 |    4539 |       0 |   0.0 |      12 |       0 |   0.0
       D:14 |    4229 |       0 |   0.0 |      17 |       0 |   0.0
     Lair:1 |    7271 |     372 |   4.9 |      30 |       1 |   3.2
     Lair:2 |    3388 |       0 |   0.0 |      15 |       0 |   0.0
     Lair:3 |    2155 |       0 |   0.0 |      12 |       0 |   0.0
     Lair:4 |    4275 |     773 |  15.3 |      17 |       2 |  10.5
     Lair:5 |    4324 |     563 |  11.5 |      16 |       2 |  11.1
     Lair:6 |    4401 |   16983 |  79.4 |      16 |      38 |  70.4
            +---------+---------+-------+---------+---------+-------
